Map: Verdrahtet LE

Players

Waldo - Winner!

  • Race: Zerg Zerg
  • League: Platinum

Hellcat

  • Race: Terran Terran
  • League: Diamond

VOD

Have the link to the VOD?

Description

Time

  • Played on: Jan. 3, 2022, 6:11 a.m.
  • Length: 17:34
Show
View Real Time Build Order
Export as new Build Order

Waldo Zerg - Winner!

Build Orders: Hatch First, Lurkers 

Get SALT Encoding   

  12  0:00  Drone  
  13  0:12  Drone  
  14  0:16  Overlord  
  14  0:34  Drone x2  
  16  0:38  Drone  
  17  0:54  Drone  
  18  0:57  Drone  
  18  0:58  Hatchery  
  18  1:12  Extractor  
  18  1:14  Spawning Pool  
  18  1:15  Drone  
  17  1:19  Drone  
  18  1:28  Drone  
  19  1:39  Overlord  
  19  2:00  Drone  
  20  2:07  Queen  
  22  2:09  Queen  
  22  2:11  Zergling x4  
  22  2:15  Metabolic Boost  
  26  2:31  Drone x2  
  26  2:32  Drone  
  26  2:33  Hatchery  
  28  2:42  Drone x3  
  31  2:54  Drone x3  
  34  3:05  Drone x2  
  36  3:15  Overlord  
  36  3:33  Queen, Overlord x2  
  38  3:36  Zergling x6  
  41  3:46  Queen  
  43  3:49  Drone x3  
  46  3:56  Drone  
  46  3:57  Drone x2  
  49  4:06  Drone x3  
  52  4:18  Drone x7  
  59  4:31  Spore Crawler  
  58  4:32  Spore Crawler  
  58  4:34  Spore Crawler  
  58  4:36  Drone  
  58  4:37  Drone  
  58  4:41  Drone x6  
  64  4:54  Lair  
  63  5:00  Zergling x2  
  63  5:01  Zergling x2  
  63  5:03  Overlord x3  
  63  5:25  Zergling x6  
  63  5:26  Zergling x12  
  70  5:36  Extractor  
  70  5:38  Extractor  
  70  5:41  Hatchery  
  70  5:42  Extractor  
  66  5:44  Extractor  
  65  5:59  Hatchery  
  65  6:01  Roach Warren  
  65  6:03  Drone x3, Evolution Chamber  
  65  6:06  Drone x3  
  65  6:07  Drone  
  65  6:08  Drone x2  
  71  6:11  Drone x3  
  71  6:13  Drone x3  
  71  6:14  Overlord x3  
  77  6:25  Overseer  
  72  6:45  Queen  
  71  6:57  Overseer  
  71  7:00  Glial Reconstitution  
  71  7:01  Zerg Missile Weapons Level 1  
  71  7:05  Hydralisk Den  
  71  7:08  Drone x3  
  72  7:09  Extractor, Spore Crawler  
  72  7:10  Drone x3  
  72  7:11  Drone x3  
  72  7:12  Drone x3  
  72  7:13  Queen  
  82  7:20  Drone x13, Queen  
  97  7:37  Pneumatized Carapace  
  97  7:48  Spore Crawler  
  97  7:50  Drone x2  
  97  7:51  Drone x6, Spore Crawler  
  102  7:52  Drone x5  
  102  7:53  Drone  
  109  8:00  Extractor  
  109  8:01  Overlord x10  
  109  8:03  Extractor  
  107  8:10  Hatchery  
  106  8:21  Hydralisk  
  106  8:22  Hydralisk x10  
  128  8:29  Infestation Pit  
  128  8:30  Lurker Den  
  126  8:36  Drone x3  
  126  8:37  Drone x2  
  131  8:45  Hydralisk, Grooved Spines  
  131  8:46  Evolution Chamber, Hydralisk x11  
  154  8:51  Queen  
  156  8:56  Zerg Ground Armor Level 1  
  156  9:00  Spine Crawler  
  151  9:13  Queen  
  150  9:18  Hive  
  150  9:23  Overlord x2  
  150  9:38  Lurker x5  
  150  9:39  Lurker x3  
  150  9:40  Lurker  
  145  9:56  Muscular Augments  
  145  10:21  Lurker x7  
  152  10:23  Zergling x22  
  152  10:24  Zergling x42  
  184  10:48  Adrenal Glands  
  184  10:50  Zerg Ground Armor Level 2  
  184  10:51  Zerg Missile Weapons Level 2  
  160  11:54  Hydralisk x22  
  142  11:55  Hydralisk x3  
  171  12:14  Adaptive Talons  
  168  12:22  Extractor  
  167  12:23  Extractor  
  166  12:31  Roach x12  
  166  12:32  Roach x5  
  195  12:49  Hydralisk  
  195  12:50  Hydralisk  
  199  13:12  Seismic Spines  
  149  13:48  Hydralisk x7  
  137  13:49  Hydralisk x20  
  137  13:50  Hydralisk  
  173  14:33  Zergling x2  
  173  14:34  Zergling x44  
  194  14:46  Overseer x2  
  194  14:50  Lurker x5  
  194  14:51  Lurker  
  194  15:09  Lurker x6  
  200  15:47  Hatchery  
  199  15:53  Hatchery  
  178  16:16  Roach x9  
  155  16:36  Roach x14  
  155  16:37  Roach x10  
  164  17:27  Hatchery  
Show
View Real Time Build Order
Export as new Build Order

Hellcat Terran 

Build Orders: Reaper Expand, Hellion Banshee 

Get SALT Encoding   

  12  0:00  SCV  
  13  0:12  SCV  
  14  0:17  Supply Depot  
  14  0:24  SCV  
  15  0:38  SCV  
  15  0:39  Barracks  
  16  0:48  Refinery  
  16  0:50  SCV  
  17  1:02  SCV  
  18  1:25  Orbital Command  
  18  1:36  Reaper  
  19  1:41  Command Center  
  19  1:58  Supply Depot  
  19  1:59  SCV  
  20  2:09  Factory  
  20  2:11  Marine  
  20  2:14  SCV  
  22  2:26  SCV  
  22  2:29  Barracks Reactor  
  23  2:39  SCV  
  24  2:47  Command Center  
  24  2:53  Orbital Command  
  24  2:55  SCV  
  25  3:04  Starport  
  24  3:09  SCV  
  25  3:16  Refinery  
  27  3:20  Hellion  
  27  3:21  SCV  
  27  3:24  Hellion  
  27  3:26  Barracks Tech Lab  
  30  3:30  SCV  
  30  3:33  SCV  
  32  3:43  SCV  
  32  3:44  Hellion  
  32  3:46  Hellion  
  37  3:54  Banshee  
  40  3:56  SCV x2  
  40  4:00  Orbital Command  
  42  4:05  Hellion  
  42  4:07  Hellion  
  42  4:08  Cloaking Field  
  47  4:10  SCV  
  47  4:16  SCV  
  48  4:22  SCV  
  49  4:28  Supply Depot  
  49  4:29  Supply Depot  
  49  4:30  Barracks Tech Lab  
  49  4:35  Barracks  
  49  4:37  Factory Reactor, Barracks  
  49  4:46  Banshee  
  52  5:01  SCV x2  
  52  5:02  SCV  
  55  5:08  Engineering Bay x2  
  55  5:09  Supply Depot  
  55  5:10  Marine  
  55  5:12  Stimpack  
  56  5:28  Marine  
  57  5:35  SCV  
  57  5:36  SCV x2  
  57  5:39  Supply Depot, Starport Reactor  
  60  5:43  Marine x2  
  60  5:44  Supply Depot, Marine x2  
  60  5:47  Siege Tank  
  67  5:56  Orbital Command  
  67  5:57  SCV  
  67  5:58  SCV, Terran Infantry Weapons Level 1  
  67  6:00  Marine  
  71  6:05  Barracks  
  71  6:07  Barracks  
  71  6:09  SCV  
  71  6:10  SCV  
  72  6:14  Factory  
  72  6:15  Refinery  
  72  6:16  Refinery  
  72  6:18  Missile Turret  
  72  6:19  Command Center  
  72  6:22  SCV x2  
  72  6:25  SCV  
  75  6:26  Marine x4  
  75  6:27  Marine  
  80  6:34  SCV x2  
  82  6:44  SCV  
  82  6:45  Marine x3  
  82  6:46  SCV x2  
  88  6:56  SCV, Supply Depot  
  88  6:58  SCV  
  88  7:00  Barracks Reactor x2  
  90  7:05  Factory Reactor  
  90  7:06  SCV  
  90  7:07  Terran Infantry Armor Level 1  
  91  7:08  SCV  
  91  7:10  SCV  
  91  7:11  Armory  
  93  7:18  Sensor Tower  
  93  7:21  SCV  
  93  7:22  SCV x2, Supply Depot  
  96  7:23  Marine x2  
  98  7:33  SCV  
  98  7:34  SCV  
  100  7:37  Medivac, Viking  
  104  7:46  Marine  
  104  7:47  Combat Shield  
  104  7:50  Orbital Command  
  105  7:56  Supply Depot  
  105  7:57  Supply Depot x2  
  105  7:58  Missile Turret, Supply Depot, Marine, SCV x2  
  106  8:00  Widow Mine x2  
  106  8:02  Marine x2  
  114  8:10  Refinery  
  114  8:11  Refinery, SCV x2  
  116  8:15  Missile Turret, Marine  
  116  8:16  Marine  
  116  8:17  Siege Tank  
  116  8:18  Medivac  
  116  8:19  Medivac  
  125  8:28  Supply Depot  
  125  8:29  Supply Depot  
  125  8:30  Supply Depot  
  125  8:35  Supply Depot  
  125  8:39  SCV  
  125  8:40  SCV x2  
  128  8:53  Marine  
  129  8:55  Medivac  
  129  8:56  Medivac  
  129  8:58  Orbital Command  
  127  9:29  SCV x2  
  129  9:44  Refinery  
  129  9:47  Command Center  
  129  9:49  Refinery  
  129  9:50  Command Center  
  123  9:58  Siege Tank  
  123  9:59  Widow Mine x2  
  127  10:00  Marine  
  128  10:13  Barracks  
  128  10:14  Command Center  
  128  10:15  Barracks  
  128  10:17  SCV x2  
  128  10:18  Viking  
  132  10:30  Siege Tank  
  133  10:41  Marine x2  
  135  10:44  Terran Vehicle Weapons Level 1, Terran Infantry Weapons Level 2  
  135  10:47  Terran Infantry Armor Level 2  
  135  10:50  Armory  
  135  10:54  Concussive Shells  
  135  10:55  Factory  
  135  10:56  Factory  
  135  11:02  Siege Tank, Planetary Fortress  
  138  11:05  Barracks  
  138  11:11  Command Center, Barracks Tech Lab x2  
  138  11:18  Marine  
  138  11:19  Marine  
  138  11:22  Marine x7  
  134  11:34  Siege Tank  
  134  11:36  Marine x2  
  134  11:39  Marine  
  124  11:40  Marine x5  
  124  11:41  Marauder  
  126  11:50  Liberator x2  
  126  11:54  Marine x2  
  128  11:57  Marine  
  128  11:58  Marine x5  
  125  12:02  Marine  
  125  12:07  Siege Tank  
  129  12:29  Factory Tech Lab x2  
  129  12:33  Liberator  
  129  12:35  Barracks x2  
  129  12:36  Barracks  
  132  12:39  Siege Tank  
  133  12:47  Siege Tank  
  133  12:48  Siege Tank  
  137  12:52  Sensor Tower  
  137  12:56  Liberator  
  137  12:58  Terran Ship Weapons Level 1, Terran Vehicle Weapons Level 2  
  140  13:06  Orbital Command  
  140  13:10  Refinery  
  140  13:11  Siege Tank  
  145  13:13  Widow Mine x2  
  145  13:15  Refinery  
  145  13:16  Liberator  
  145  13:19  Siege Tank  
  147  13:20  Siege Tank  
  110  13:34  Widow Mine x2  
  111  13:56  Barracks Tech Lab  
  111  13:57  Barracks Tech Lab x2  
  111  14:20  Command Center  
  111  14:28  Command Center x2  
  108  15:04  SCV, Marine x4  
  108  15:05  SCV x3  
  108  15:31  SCV, Siege Tank, Marine x9  
  108  15:32  Marauder  
  123  15:38  Planetary Fortress  
  123  15:39  Siege Tank x2, Marine x2  
  131  15:49  Marine x3  
  133  16:03  Siege Tank  
  122  16:11  Siege Tank  
  119  16:29  Marine x5  
  119  16:30  Marine  
  92  16:47  Siege Tank  
  92  16:48  Marine x2  
  92  16:49  Siege Tank  
Tags
 
Add a new tag
Caveats
  • Supply blocks, unpowered buildings, or Contaminate may cause inaccurate times.
  • Supply counts are checked every 10 seconds.